AoeStats
← _xRegulusx_

Black Forest

508296526Analyzed
4v4 RM · 11d ago on Sep 21, 2026· 43m 26s· 8 players
Game mode
Random Map
Map size
Large (8 player)
Population
200
Speed
Normal
Resources
Standard
Victory
Conquest
Starting age
Dark Age
Ending age
Imperial Age
RankedLock teamsTeams togetherTeam positionsShared explorationLock speedFull tech treeHidden civsTurbo modeCheats
Victory
Defeat
🇫🇷 Cumans · France
1512
+15
🇧🇷 Gurjaras · Brazil
1426
+19
🇨🇿 Armenians · Czechia
1367
+21
🇪🇸 Bohemians · Spain
1354
+22
🇲🇽 Cumans · Mexico
1502
-20
🇸🇮 Ethiopians · Slovenia
1499
-20
🇲🇽 Georgians · Mexico
1471
-19
🇺🇸 Turks · United States
1450
-18
PaRappa56
11:08 Feudal Age
11:54 Loom
11:55 Town Watch
13:07 Fletching
13:19 Double-Bit Axe
19:06 Castle Age
17:12 Horse Collar
17:54 Gold Mining
17:56 Stone Mining
20:14 Bow Saw
22:46 Wheelbarrow
33:06 Imperial Age
34:01 Scale Mail Armor
34:04 Padded Archer Armor
33:59 Bodkin Arrow
34:47 Heavy Plow
Pinguica12
11:04 Feudal Age
14:41 Castle Age
12:39 Double-Bit Axe
14:48 Fishing Lines
15:35 Bow Saw
16:16 Gillnets
20:00 Wheelbarrow
21:54 Stone Mining
21:54 Gold Mining
21:54 Horse Collar
24:16 Hand Cart
24:10 Heavy Plow
24:51 Stone Shaft Mining
24:37 Town Watch
24:39 Loom
29:51 Imperial Age
27:30 Scale Barding Armor
27:36 Forging
27:57 Redemption
28:57 Chain Barding Armor
28:49 Bloodlines
28:41 Husbandry
29:09 Fervor
29:40 Sanctity
30:10 Iron Casting
30:14 Elite Monaspa
31:51 Block Printing
32:11 Crop Rotation
32:17 Conscription
32:46 Plate Barding Armor
34:50 Blast Furnace
36:53 Theocracy
37:57 Hoardings
37:56 Fortified Wall
37:39 Fletching
38:12 Ballistics
40:38 Bodkin Arrow
40:28 Treadmill Crane
40:57 Siege Engineers
41:54 Chemistry
40:36 Treadmill Crane
41:06 Masonry
_xRegulusx_
9:23 Feudal Age
10:01 Double-Bit Axe
9:57 Horse Collar
16:55 Wheelbarrow
18:17 Fishing Lines
23:10 Castle Age
22:15 Gold Mining
24:04 Bow Saw
23:55 Heavy Plow
24:14 Gillnets
25:26 Gold Shaft Mining
25:33 Hand Cart
28:15 Imperial Age
26:46 Bloodlines
26:48 Scale Barding Armor
27:49 Forging
28:26 Cavalier
28:59 Onager
30:00 Stone Mining
30:50 Chain Barding Armor
32:43 Plate Barding Armor
33:01 Iron Casting
32:28 Paladin
34:03 Caravan
33:47 Capped Ram
36:33 Conscription
Mr. Weedman
0:50 Loom
11:00 Feudal Age
16:39 Castle Age
16:24 Double-Bit Axe
21:53 Horse Collar
26:36 Fortified Wall
32:06 Imperial Age
31:58 Bow Saw
31:50 Fletching
33:47 Chemistry
32:55 Crossbowman
33:30 Fletching
33:41 Padded Archer Armor
34:03 Ballistics
33:56 Arbalester
34:42 Thumb Ring
34:37 Bodkin Arrow
38:00 Bracer
38:28 Gold Mining
B.
8:29 Loom
10:43 Feudal Age
12:42 Double-Bit Axe
12:37 Horse Collar
18:28 Castle Age
19:14 Wheelbarrow
19:35 Bow Saw
19:30 Heavy Plow
20:12 Fishing Lines
22:51 Gillnets
25:16 Gold Mining
27:24 Hand Cart
29:44 Imperial Age
27:34 Hand Cart
27:05 Loom
27:35 Forging
27:31 Scale Barding Armor
28:56 Iron Casting
29:11 Bloodlines
29:23 Chain Barding Armor
29:46 Cavalier
31:28 Blast Furnace
31:54 Plate Barding Armor
32:37 Paladin
40:53 Crop Rotation
41:30 Two-Man Saw
40:22 Stone Mining
mano
8:17 Loom
10:48 Feudal Age
12:26 Double-Bit Axe
14:50 Castle Age
13:44 Horse Collar
15:53 Bow Saw
16:21 Wheelbarrow
20:58 Heavy Plow
23:53 Hand Cart
27:27 Imperial Age
26:49 Chemistry
26:00 Masonry
26:13 Scale Mail Armor
26:23 Forging
26:20 Town Watch
26:48 Fletching
27:09 Forging
26:25 Pikeman
27:05 Squires
27:37 Squires
27:54 Chain Mail Armor
27:56 Bodkin Arrow
29:05 Iron Casting
29:20 Wagenburg Tactics
30:05 Halberdier
30:31 Arson
34:09 Plate Mail Armor
34:40 Blast Furnace
34:20 Siege Engineers
37:32 Two-Man Saw
36:57 Houfnice
38:17 Architecture
38:10 Ballistics
41:26 Padded Archer Armor
41:26 Bracer
41:45 Elite Skirmisher
42:41 Leather Archer Armor
42:09 Treadmill Crane
Rakosnik
7:22 Loom
9:35 Feudal Age
10:13 Man-at-Arms
10:55 Double-Bit Axe
12:46 Arson
14:55 Long Swordsman
17:39 Fletching
17:50 Scale Mail Armor
17:48 Horse Collar
22:41 Gold Mining
23:07 Forging
25:11 Castle Age
25:22 Two-Handed Swordsman
25:49 Gambesons
26:04 Squires
26:24 Bow Saw
28:44 Champion
32:58 Chain Mail Armor
33:18 Iron Casting
35:45 Pikeman
37:41 Wheelbarrow
37:11 Halberdier
40:38 Hand Cart
42:55 Bodkin Arrow
Hakka1_90
9:19 Feudal Age
9:26 Man-at-Arms
10:17 Arson
12:41 Fletching
13:10 Double-Bit Axe
16:01 Scale Mail Armor
18:03 Town Watch
18:53 Wheelbarrow
21:37 Castle Age
20:29 Gold Mining
22:51 Loom
22:48 Fishing Lines
23:43 Bodkin Arrow
24:00 Forging
24:05 Chain Mail Armor
29:36 Imperial Age
29:04 Bow Saw
30:10 Iron Casting
29:39 Padded Archer Armor
31:17 Chemistry
30:20 Bracer
30:04 Horse Collar
31:00 Gold Shaft Mining
31:09 Conscription
35:41 Leather Archer Armor
35:30 Heavy Plow
35:16 Elite Elephant Archer
37:38 Thumb Ring
39:18 Ballistics
39:11 Caravan
Connection lost

Rejoining the realm…

Still unreachable

The connection could not be restored.

Session expired

The server has moved on; the page needs a fresh start.